[Event "Team 45 45 League T64"]
[Site "Internet Chess Club"]
[Date "2015.03.29"]
[Round "4"]
[White "hondocando"]
[Black "Grenadier"]
[Result "1-0"]
[WhiteElo "1638"]
[BlackElo "1566"]
[Opening "Caro-Kann defense"]
[ECO "B11"]
[Time "08:00:17"]
[TimeControl "2700+45"]

1. e4 c6 2. Nc3 d5 3. exd5 cxd5 4. d4 Nf6 5. Be2 Bf5 6. Nf3 e6 7. Bg5 Nbd7 8.
O-O Be7 9. Re1 Rc8 10. Bd3 Bg4 11. h3 Bh5 12. Be2 Qb6 13. g4 Bg6 14. Bb5 a6 15.
Bxd7+ Kxd7 16. Na4 Qc7 17. Ne5+ Kd8 18. c3 b5 19. Bf4 Bd6 20. Nxg6 hxg6 21. Bxd6
Qxd6 22. Nc5 Kc7 23. Qf3 Rcf8 24. a4 Nd7 25. axb5 Nxc5 26. dxc5 Qxc5 27. Rxa6
Qxb5 28. Qg3+ Kb7 29. Ra7+ {Black resigns} 1-0

[Event "Team 45 45 League T64"]
[Site "Internet Chess Club"]
[Date "2015.03.28"]
[Round "4"]
[White "BrerRabbit"]
[Black "Chesslov"]
[Result "0-1"]
[WhiteElo "1466"]
[BlackElo "1543"]
[Opening "Réti opening"]
[ECO "A04"]
[Time "19:22:11"]
[TimeControl "2700+45"]

1. Nf3 c5 2. g3 Nc6 3. Bg2 Nf6 4. O-O d6 5. d3 Bg4 6. e4 Ne5 7. Nbd2 Qd7 8. Qe1
Bh3 9. Nxe5 dxe5 10. Nf3 Bxg2 11. Kxg2 Qc7 12. Qc3 Nd7 13. b3 e6 14. Bb2 Be7 15.
Rfe1 Bf6 16. Rad1 O-O 17. Qd2 Rad8 18. Qe2 h6 19. Rc1 b6 20. Red1 Nb8 21. Nd2
Nc6 22. Nc4 Nd4 23. Bxd4 cxd4 24. Rf1 b5 25. Nb2 Qc3 26. Nd1 Qc6 27. h4 Rc8 28.
f4 Be7 29. fxe5 Ba3 30. Ra1 Qxc2 31. Qxc2 Rxc2+ 32. Rf2 Rfc8 33. Kf3 Rc1 34.
Rxc1 Rxc1 35. Nb2 Rb1 36. Rc2 Bxb2 37. Rc8+ Kh7 38. Rc7 Ba3 39. Rxa7 b4 40. h5
Ra1 41. Rxf7 Rf1+ {White resigns} 0-1

[Event "Team 45 45 League T64"]
[Site "Internet Chess Club"]
[Date "2015.03.29"]
[Round "4"]
[White "Timotheous"]
[Black "Portola"]
[Result "1-0"]
[WhiteElo "1773"]
[BlackElo "1725"]
[Opening "English opening: Agincourt variation"]
[ECO "A13"]
[Time "09:31:07"]
[TimeControl "2700+45"]

1. Nf3 d5 2. c4 e6 3. b3 Nf6 4. Bb2 Be7 5. g3 O-O 6. Bg2 c5 7. e3 dxc4 8. bxc4
Nc6 9. O-O Qc7 10. Qe2 b6 11. d3 Bb7 12. Nbd2 Rad8 13. a3 Rd7 14. Rad1 Rfd8 15.
Nb3 a6 16. Rd2 b5 17. cxb5 axb5 18. Rc1 Na5 19. Nxa5 Qxa5 20. Ne5 Qa8 21. Nxd7
Bxg2 22. Nxf6+ gxf6 23. Qg4+ Kh8 24. Qf4 Bh1 25. e4 e5 26. Qe3 b4 27. axb4 Bxe4
28. dxe4 cxb4 29. Rxd8+ Qxd8 30. Qb3 Kg7 31. Rd1 Qc8 32. Rc1 Qb7 33. Qc4 Bd8 34.
Qc8 Qb6 35. Qg4+ Kh8 36. Rc8 {Black resigns} 1-0

[Event "Team 45 45 League T64"]
[Site "Internet Chess Club"]
[Date "2015.03.28"]
[Round "4"]
[White "Chesscat9"]
[Black "RamRock"]
[Result "1/2-1/2"]
[WhiteElo "1684"]
[BlackElo "1714"]
[Opening "English: Anglo-Dutch defense"]
[ECO "A10"]
[Time "10:00:32"]
[TimeControl "2700+45"]

1. c4 f5 2. g3 e5 3. d3 Nf6 4. Nc3 Be7 5. Bg2 d6 6. e4 Nc6 7. Nge2 O-O 8. O-O
Qe8 9. a3 Qh5 10. f4 Ng4 11. h3 Nf6 12. Nd5 Bd8 13. Nxf6+ Bxf6 14. exf5 Qxf5 15.
g4 Qg6 16. f5 Qe8 17. Ng3 Nd8 18. g5 Be7 19. Be4 Bd7 20. g6 hxg6 21. fxg6 Rxf1+
22. Nxf1 Bf6 23. Qh5 Ne6 24. Ng3 Nf4 25. Bxf4 exf4 26. Qh7+ Kf8 27. Nh5 Bd4+ 28.
Kg2 Qe5 29. Rf1 Qg5+ 30. Kh2 Ke7 31. Nxf4 Rf8 32. Nd5+ Ke6 33. Nxc7+ Ke7 34.
Nd5+ Ke6 35. Nc7+ Ke7 36. Nd5+ {Game drawn by mutual agreement} 1/2-1/2

[Event "Team 45 45 League T64"]
[Site "Internet Chess Club"]
[Date "2015.03.29"]
[Round "4"]
[White "rubo"]
[Black "kingsrook"]
[Result "1-0"]
[WhiteElo "1654"]
[BlackElo "1294"]
[Opening "Sicilian: Smith-Morra gambit"]
[ECO "B21"]
[Time "18:30:28"]
[TimeControl "2700+45"]

1. e4 c5 2. d4 cxd4 3. c3 dxc3 4. Nxc3 Nc6 5. Nf3 e5 6. Bc4 Nf6 7. Ng5 d5 8.
exd5 Nd4 9. O-O a6 10. Re1 Bd6 11. Qxd4 O-O 12. Qh4 Re8 13. Nce4 Bf5 14. Nxd6
Qxd6 15. Be3 Qb4 16. d6 Be6 17. Nxe6 Rxe6 18. a3 Qxd6 19. Rad1 Qe7 20. Bxe6 Qxe6
21. Qb4 Qc8 22. Rc1 Qd7 23. Red1 Nd5 24. Qb3 {Black forfeits on time} 1-0

[Event "Team 45 45 League T64"]
[Site "Internet Chess Club"]
[Date "2015.03.26"]
[Round "4"]
[White "Littlemon"]
[Black "Berke"]
[Result "1/2-1/2"]
[WhiteElo "1565"]
[BlackElo "1608"]
[Opening "Benkö gambit"]
[ECO "A57"]
[Time "13:19:51"]
[TimeControl "2700+45"]

1. d4 Nf6 2. c4 c5 3. d5 b5 4. Nc3 bxc4 5. e4 d6 6. Bxc4 Nbd7 7. Nf3 Ng4 8. h3
Nge5 9. Be2 g6 10. Bf4 Bg7 11. Qd2 O-O 12. O-O Qa5 13. Rab1 Ba6 14. Nxe5 Nxe5
15. Rfc1 Bxe2 16. Qxe2 Rab8 17. a3 Rb3 18. Rc2 Rfb8 19. Bd2 Qb6 20. Nd1 a5 21.
Rc3 a4 22. Qe3 Nc4 23. Rxb3 Qxb3 24. Qxb3 Rxb3 25. Bc1 Nxa3 26. Ra1 Nc2 27. Rxa4
Bd4 28. Bh6 Rb8 29. Nc3 Nb4 30. Ra7 Bf6 31. Rc7 Rd8 32. Rb7 Nd3 33. Nd1 Re8 34.
Kf1 e6 35. Ke2 Nb4 36. dxe6 fxe6 37. Kd2 Rd8 38. Nc3 Nc6 39. Bf4 Nd4 40. Rb6 e5
41. Be3 Rd7 42. Nd5 Bg7 43. Kd3 Kf7 44. b4 cxb4 45. Rxb4 Ke6 46. f4 Nc6 47. Rb6
Ne7 {Game drawn by mutual agreement} 1/2-1/2

[Event "Team 45 45 League T64"]
[Site "Internet Chess Club"]
[Date "2015.03.29"]
[Round "4"]
[White "HorseRadish"]
[Black "scarycell"]
[Result "1-0"]
[WhiteElo "1382"]
[BlackElo "1363"]
[Opening "Queen's bishop game"]
[ECO "D00"]
[Time "19:00:26"]
[TimeControl "2700+45"]

1. d4 d5 2. Bf4 Nf6 3. Nf3 Bf5 4. e3 e6 5. h3 c5 6. c3 Nc6 7. Be2 Be7 8. Nbd2
cxd4 9. exd4 O-O 10. g4 Bg6 11. Nh4 Qb6 12. Qb3 Na5 13. Qxb6 axb6 14. Nxg6 hxg6
15. h4 b5 16. h5 gxh5 17. gxh5 Nc4 18. Nxc4 bxc4 19. h6 gxh6 20. Rxh6 Kg7 21.
O-O-O Rh8 22. Rg1+ Kf8 23. Rxh8+ {Black resigns} 1-0

[Event "Team 45 45 League T64"]
[Site "Internet Chess Club"]
[Date "2015.03.29"]
[Round "4"]
[White "AryanB"]
[Black "dabodhi"]
[Result "1-0"]
[WhiteElo "1409"]
[BlackElo "1352"]
[Opening "QGD: Tarrasch defense"]
[ECO "D32"]
[Time "20:01:04"]
[TimeControl "2700+45"]

1. d4 d5 2. c4 e6 3. Nc3 c5 4. dxc5 Bxc5 5. cxd5 Bb4 6. dxe6 Qxd1+ 7. Kxd1 Bxe6
8. Bd2 Nc6 9. a3 Bb3+ 10. Kc1 Bxc3 11. Bxc3 f6 12. g3 Rd8 13. Bd2 Nge7 14. Bg2
O-O 15. a4 Rc8 16. Ra3 Nd4+ 17. Kb1 Bd5 18. Bxd5+ Nxd5 19. Rd3 Rc4 20. e3 Nb3
21. Rxb3 b6 22. a5 b5 23. Rxb5 Nc7 24. Rb4 Rc5 25. Ne2 Rd8 26. Rd4 Rc8 27. Rc1
Ne6 28. Rxc5 Rxc5 29. Re4 Ng5 30. Re7 Nf3 31. Bb4 Rc4 32. Re8+ Kf7 33. Rf8+ Kg6
34. Nf4+ Kh6 35. Bc3 Nxh2 36. Rf7 Ng4 37. Rxa7 Nxf2 38. Rb7 Rc6 39. Rb6 Rc4 40.
a6 Ra4 41. b3 Re4 42. a7 Nd1 43. a8=Q Nxc3+ 44. Kc2 Rxe3 45. Nd3 Ne2 46. Qh1+
Kg6 47. Nf4+ Kf5 48. Qh5+ Ke4 49. Re6+ {Black resigns} 1-0

[Event "Team 45 45 League T64"]
[Site "Internet Chess Club"]
[Date "2015.03.28"]
[Round "4"]
[White "unclevinny"]
[Black "bmw2002"]
[Result "1/2-1/2"]
[WhiteElo "1619"]
[BlackElo "1501"]
[Opening "Caro-Kann: advance variation"]
[ECO "B12"]
[Time "20:07:55"]
[TimeControl "2700+45"]

1. e4 c6 2. d4 d5 3. e5 Bf5 4. Nf3 e6 5. Be2 c5 6. c3 Nc6 7. O-O Qb6 8. Qa4 Qa5
9. Qb3 Qb6 10. Nbd2 Qxb3 11. Nxb3 cxd4 12. Nbxd4 Nge7 13. Nb5 Kd7 14. Nd6 Bg6
15. Nxb7 Nc8 16. b4 Bh5 17. Re1 Kc7 18. Nc5 a5 19. Ba3 Nb6 20. b5 Na7 21. Nd4
Bxe2 22. Rxe2 Nc4 23. Ncxe6+ fxe6 24. Bxf8 Rhxf8 25. Nxe6+ Kd7 26. Nxf8+ Rxf8
27. a4 Ke6 28. g3 Rf3 29. Rc1 Nc8 30. Kg2 Rf5 31. f4 N8b6 32. Kf3 h5 33. h3 g5
34. Ra2 Nxe5+ 35. Kg2 Nec4 36. Re1+ Kd6 37. fxg5 Rxg5 38. Rae2 Nxa4 39. Re6+ Kc5
40. Rb1 Nxc3 41. Rc6+ Kd4 42. b6 Rg8 43. b7 Rb8 44. Rc8 Nxb1 45. Rxb8 Nd6 46. g4
hxg4 47. hxg4 Nc3 48. g5 a4 49. g6 a3 50. g7 a2 51. Ra8 Nxb7 52. g8=Q Nc5 53.
Qg4+ N5e4 54. Qg7+ Kd3 55. Ra3 Kc2 56. Qb7 d4 57. Rxa2+ Nxa2 58. Qxe4+ d3 59.
Qc4+ Nc3 60. Qe6 d2 61. Qf5+ Kc1 62. Qf4 Kc2 63. Qf2 Kc1 64. Qe3 Kc2 65. Qxd2+
Kxd2 {Game drawn because neither player has mating material} 1/2-1/2

[Event "Team 45 45 League T64"]
[Site "Internet Chess Club"]
[Date "2015.03.31"]
[Round "4"]
[White "Zyme"]
[Black "stanbeers"]
[Result "1-0"]
[WhiteElo "1277"]
[BlackElo "1403"]
[Opening "Nimzo-Indian: 4.e3 e8g8, 5.Nf3, without ...d5"]
[ECO "E50"]
[Time "19:03:37"]
[TimeControl "2700+45"]

1. d4 Nf6 2. c4 e6 3. Nc3 Bb4 4. e3 O-O 5. Nf3 c5 6. Bd3 Bxc3+ 7. bxc3 d5 8. O-O
Ne4 9. Qc2 f5 10. cxd5 exd5 11. Ba3 b6 12. Rab1 Ba6 13. Bxa6 Nxa6 14. c4 Kh8 15.
Rfd1 Rf6 16. dxc5 Naxc5 17. cxd5 Rd6 18. Ne5 Qf8 19. f3 Re8 20. Nc4 Ng5 21. Nxd6
Qxd6 22. Qxf5 h6 23. Bxc5 Qxc5 24. Kf1 Rf8 25. Qd3 Qd6 26. Kg1 Rxf3 27. gxf3
Nxf3+ 28. Kg2 Ng5 29. Rbc1 Qd7 30. Qc2 Qh3+ 31. Kh1 Qf3+ 32. Qg2 Qxe3 33. d6 Nh3
34. Rc8+ Kh7 35. Qc2+ g6 36. Qc7+ {Black resigns} 1-0

[Event "Team 45 45 League T64"]
[Site "Internet Chess Club"]
[Date "2015.03.27"]
[Round "4"]
[White "Visin"]
[Black "chuckh2"]
[Result "1-0"]
[WhiteElo "1318"]
[BlackElo "1416"]
[Opening "French: exchange variation"]
[ECO "C01"]
[Time "13:00:33"]
[TimeControl "2700+45"]

1. e4 e6 2. d4 d5 3. exd5 exd5 4. Nf3 Nf6 5. Bg5 Be7 6. Nbd2 Bg4 7. Be2 O-O 8.
O-O Nc6 9. c3 Qd6 10. Qc2 Rfe8 11. Bd3 g6 12. h3 Be6 13. Nh2 Nh5 14. Be3 Nf4 15.
Bxf4 Qxf4 16. Ndf3 a6 17. Rfe1 Bf8 18. Re2 Bd7 19. Rae1 Rxe2 20. Rxe2 Re8 21.
Rxe8 Bxe8 22. Ng4 Bg7 23. Ne3 Ne7 24. Qe2 Bd7 25. Nd2 Qd6 26. Nb3 Bc8 27. Nd2
Bh6 28. b4 b5 29. Nf3 Bf4 30. Ng4 h5 31. Ne3 g5 32. Nd2 g4 33. hxg4 hxg4 34.
Nxg4 Bxd2 35. Qxd2 Qe6 36. Qg5+ Kf8 37. Ne3 Ke8 38. Qh4 Ng6 39. Bxg6 Qxg6 40.
Nxd5 Qe6 {Black resigns} 1-0

[Event "Team 45 45 League T64"]
[Site "Internet Chess Club"]
[Date "2015.03.28"]
[Round "4"]
[White "artspir"]
[Black "varavind"]
[Result "1-0"]
[WhiteElo "1258"]
[BlackElo "1283"]
[Opening "Queen's bishop game"]
[ECO "D02"]
[Time "15:00:20"]
[TimeControl "2700+45"]

1. d4 d5 2. Nf3 Nf6 3. Bf4 e6 4. Nbd2 c5 5. c3 Bd6 6. Ne5 Nbd7 7. e3 Nh5 8. Qxh5
Qe7 9. Bd3 Nf6 10. Qxf7+ Qxf7 11. Nxf7 Bxf4 12. Nxh8 Bd6 13. O-O Bd7 14. Nf3
O-O-O 15. Nf7 Rf8 16. Nxd6+ Kb8 17. Ne5 c4 18. Bxh7 {Black resigns} 1-0

[Event "Team 45 45 League T64"]
[Site "Internet Chess Club"]
[Date "2015.03.29"]
[Round "4"]
[White "primerpaso"]
[Black "jjfchess"]
[Result "1-0"]
[WhiteElo "1874"]
[BlackElo "1713"]
[Opening "English opening"]
[ECO "D35"]
[Time "18:31:36"]
[TimeControl "2700+45"]

1. c4 e6 2. Nc3 d5 3. cxd5 exd5 4. d4 Nf6 5. g3 c6 6. Bg2 Nbd7 7. Nf3 Bd6 8. O-O
O-O 9. Bf4 Bxf4 10. gxf4 Re8 11. Ne5 Nf8 12. e3 Ng6 13. Kh1 Nh4 14. Rg1 Nxg2 15.
Rxg2 g6 16. Qf3 Bf5 17. Rag1 Ne4 18. Qh5 Qf6 19. Nxe4 Bxe4 20. f3 Bf5 21. Rg5
Kh8 22. Rxf5 Qxe5 23. fxe5 gxh5 24. Rxf7 Rg8 25. Rxb7 Raf8 26. f4 Rg4 27. Rxa7
Rd8 28. Rxg4 hxg4 29. f5 Rb8 30. b3 Rf8 31. f6 Re8 32. Kg2 h5 33. Kg3 c5 34. Kf4
c4 35. bxc4 dxc4 36. Rc7 Ra8 37. e6 Rxa2 38. e7 Rf2+ 39. Kg5 {Black resigns} 1-0

[Event "Team 45 45 League T64"]
[Site "Internet Chess Club"]
[Date "2015.03.29"]
[Round "4"]
[White "Schachteufel"]
[Black "frank001"]
[Result "1-0"]
[WhiteElo "1738"]
[BlackElo "1806"]
[Opening "Petrov: Nimzovich attack"]
[ECO "C42"]
[Time "06:00:38"]
[TimeControl "2700+45"]

1. e4 e5 2. Nf3 Nf6 3. Nxe5 d6 4. Nf3 Nxe4 5. Nc3 Nxc3 6. dxc3 Be7 7. Be3 O-O 8.
Qd2 Nd7 9. h4 Re8 10. O-O-O c6 11. Ng5 d5 12. Bd3 Nf6 13. f3 b5 14. Bd4 h6 15.
Rde1 Bb7 16. Kb1 a6 17. Qf4 c5 18. Bxf6 Bxf6 19. Bh7+ Kf8 20. Bg6 Re7 21. Rxe7
Qxe7 22. Nxf7 d4 23. cxd4 cxd4 24. Nd6 Bd5 25. Ne4 Bxe4 26. Bxe4 Re8 27. g4 Kg8
28. Qf5 Bxh4 29. Qd5+ Kh8 30. Qxd4 Bf6 31. Qd5 Qb4 32. Qb3 Qd4 33. c3 Qe3 34.
Qd5 Rd8 35. Qf5 Kg8 36. Qh7+ Kf7 37. Qg6+ Kf8 38. Qf5 Kg8 39. Qe6+ Kh8 40. Qxa6
b4 41. Qc4 bxc3 42. bxc3 Bxc3 43. Qb3 Qd4 44. g5 Bd2 45. gxh6 Bxh6 46. Qb2 Qe3
47. a4 Qf4 48. Ka2 Rd2 49. Bc2 Qc4+ 50. Kb1 Qf4 51. Rxh6+ Kg8 52. Rc6 {Black
resigns} 1-0

[Event "Team 45 45 League T64"]
[Site "Internet Chess Club"]
[Date "2015.03.30"]
[Round "4"]
[White "Heian"]
[Black "OzymandiasVII"]
[Result "1-0"]
[WhiteElo "1706"]
[BlackElo "1672"]
[Opening "Scandinavian: Pytel-Wade variation"]
[ECO "B01"]
[Time "19:07:20"]
[TimeControl "2700+45"]

1. e4 d5 2. exd5 Qxd5 3. Nc3 Qd6 4. Nf3 Bg4 5. Bc4 e6 6. Be2 Nf6 7. d3 Be7 8. h3
Bh5 9. Ng5 Bxe2 10. Qxe2 O-O 11. O-O a6 12. Nce4 Nxe4 13. Nxe4 Qd8 14. Be3 Nc6
15. Bc5 Nd4 16. Bxd4 Qxd4 17. c3 Qb6 18. d4 Rad8 19. b3 h6 20. Kh1 f5 21. Nc5
Rf6 22. Rae1 Bxc5 23. dxc5 Qxc5 24. c4 Rd4 25. Rd1 e5 26. Rxd4 exd4 27. Qe8+ Kh7
28. Re1 d3 29. Qe3 d2 30. Qxd2 Rd6 31. Qc2 b5 32. f4 Rg6 33. Re5 Qc6 34. Rxf5
bxc4 35. bxc4 Qd6 36. Re5 Qf6 37. Qe4 c6 38. f5 Rg5 39. g4 h5 40. Kg2 Qd6 41.
f6+ g6 42. Rxg5 Qd2+ 43. Kg3 Qxg5 44. Qe7+ {Black resigns} 1-0

[Event "Team 45 45 League T64"]
[Site "Internet Chess Club"]
[Date "2015.03.26"]
[Round "4"]
[White "tightfist"]
[Black "Portola"]
[Result "1/2-1/2"]
[WhiteElo "1603"]
[BlackElo "1740"]
[Opening "Queen's pawn game"]
[ECO "D05"]
[Time "19:00:41"]
[TimeControl "2700+45"]

1. Nf3 d5 2. d4 Nf6 3. e3 e6 4. Bd3 Be7 5. O-O O-O 6. c4 b6 7. Nc3 Bb7 8. Ne5
Nbd7 9. f4 Ne4 10. Nxd7 Qxd7 11. Nxe4 dxe4 12. Be2 f5 13. Bd2 c5 14. Bc3 Rad8
15. g4 cxd4 16. Bxd4 Bc5 17. Bxc5 bxc5 18. Qxd7 Rxd7 19. Rfd1 Rfd8 20. Rxd7 Rxd7
21. Rd1 Rxd1+ 22. Bxd1 Bc6 23. Kf2 Kf7 24. h4 g6 25. g5 a5 26. b3 Ke7 27. Ke2
Kd6 28. Kd2 e5 29. h5 exf4 30. exf4 Kc7 31. h6 Kd7 32. a3 Kc7 33. Kc3 Kb7 34. b4
Kb6 35. Bc2 Bd7 36. b5 Be6 37. Bb3 Bc8 {Game drawn by mutual agreement} 1/2-1/2

[Event "Team 45 45 League T64"]
[Site "Internet Chess Club"]
[Date "2015.04.03"]
[Round "4"]
[White "Agarnez"]
[Black "Tobiasdelmonte"]
[Result "1-0"]
[WhiteElo "2032"]
[BlackElo "1798"]
[Opening "QGD: Tarrasch, Prague variation, Normal position"]
[ECO "D34"]
[Time "23:45:15"]
[TimeControl "2700+45"]

1. d4 d5 2. c4 e6 3. Nc3 c5 4. cxd5 exd5 5. Nf3 Nc6 6. g3 Nf6 7. Bg2 Be7 8. O-O
O-O 9. dxc5 d4 10. Na4 Ne4 11. Nxd4 Nxc5 12. Nxc6 bxc6 13. Qxd8 Rxd8 14. Bxc6
Rb8 15. Bf4 Rb4 16. Nxc5 Bxc5 17. Rac1 Bb6 18. b3 Bh3 19. Rfd1 Rbd4 20. Rxd4
Rxd4 21. Bg2 Be6 22. h4 h6 23. Be3 Rd8 24. Bxb6 axb6 25. Rc6 Rd2 26. Rxb6 Rxa2
27. Rb8+ Kh7 28. Be4+ g6 29. h5 f5 30. hxg6+ Kxg6 31. Bd3 Bd5 32. g4 Ra1+ 33.
Kh2 Rh1+ 34. Kg3 Rg1+ 35. Kf4 Rxg4+ 36. Ke5 Bf7 37. Bxf5+ {Black resigns} 1-0

[Event "Team 45 45 League T64"]
[Site "Internet Chess Club"]
[Date "2015.03.27"]
[Round "4"]
[White "pauliewoll"]
[Black "deancorso1"]
[Result "1/2-1/2"]
[WhiteElo "1761"]
[BlackElo "1768"]
[Opening "Caro-Kann: exchange variation"]
[ECO "B13"]
[Time "17:34:58"]
[TimeControl "2700+45"]

1. e4 c6 2. d4 d5 3. exd5 cxd5 4. Nc3 Nc6 5. g3 Nf6 6. Bg2 Bg4 7. Nge2 e6 8. Be3
h6 9. O-O Be7 10. Qd2 O-O 11. h3 Bf5 12. g4 Bh7 13. Rac1 Rc8 14. Ng3 Qb6 15. g5
hxg5 16. Bxg5 Qxd4 17. Rfd1 Qxd2 18. Rxd2 Rfd8 19. Nce2 b5 20. Nf4 a6 21. Rcd1
Na5 22. c3 b4 23. cxb4 Bxb4 24. Re2 Be7 25. b3 Nc6 26. Nd3 Nd4 27. Ree1 Nf5 28.
Nxf5 Bxf5 29. Ne5 Rc2 30. Rc1 Rdc8 31. Bf1 a5 32. Rxc2 Rxc2 33. Re2 Rc7 34. Nf3
Bd3 35. Re1 Bxf1 36. Kxf1 Rc2 37. Re2 Rc3 38. Re3 Rc2 39. Re2 Rc3 40. Re3 Rc2
41. Re2 Rc3 42. Re3 Rc2 43. Re2 Rc3 {Game drawn by repetition} 1/2-1/2

[Event "Team 45 45 League T64"]
[Site "Internet Chess Club"]
[Date "2015.03.30"]
[Round "4"]
[White "Axagus"]
[Black "fireball"]
[Result "1/2-1/2"]
[WhiteElo "1743"]
[BlackElo "1595"]
[Opening "QGA, 4.e3"]
[ECO "D25"]
[Time "17:00:41"]
[TimeControl "2700+45"]

1. c4 Nf6 2. Nf3 d5 3. d4 dxc4 4. e3 c5 5. Bxc4 cxd4 6. Qb3 e6 7. Nxd4 Qa5+ 8.
Bd2 Qc5 9. a3 Nc6 10. Nb5 Qb6 11. N1c3 Na5 12. Qa2 Bd7 13. Be2 Be7 14. b4 Nc6
15. O-O a6 16. Na4 Qd8 17. Nbc3 b5 18. Nc5 Bxc5 19. bxc5 O-O 20. e4 Nd4 21. Be3
Nxe2+ 22. Nxe2 Nxe4 23. f3 Nf6 24. Rac1 Bc6 25. Rfd1 Qc7 26. Nd4 Nd5 27. Bf2
Rfd8 28. Bg3 Qb7 29. Qe2 a5 30. Nxc6 Qxc6 31. Bd6 b4 32. axb4 axb4 33. Qc4 Rac8
34. Qe4 Qb5 35. Qc4 Qxc4 36. Rxc4 Nc3 37. Rd2 Nd5 38. Rb2 f6 39. Bg3 Kf7 40. Bf2
Rc6 41. Kf1 Ra8 42. Rcxb4 Nxb4 43. Rxb4 Rac8 44. Rb7+ R8c7 45. Rb4 e5 46. f4 Ke6
47. fxe5 fxe5 48. Rb2 Rf7 49. Ke2 Rd7 50. Be3 h5 51. Bf2 Kf5 52. Rb3 g5 53. Rf3+
Kg6 54. Be3 g4 55. Rf8 Kg7 56. Re8 Rd5 57. Ra8 Rdxc5 58. Bxc5 Rxc5 59. Ra6 e4
60. Ke3 Rc2 61. g3 Rxh2 62. Kxe4 Rf2 63. Ra5 Kg6 64. Ra6+ Rf6 65. Ra5 Rf3 66.
Ra6+ Kg7 67. Ra7+ Kf6 68. Ra6+ Kg5 69. Ra5+ Kg6 70. Ra6+ Rf6 71. Ra5 Rb6 72. Ra3
Rb5 73. Rc3 Kg5 74. Ke3 h4 75. gxh4+ Kxh4 76. Kf2 Rb2+ 77. Kg1 g3 78. Rc8 Rb3
79. Kg2 Rb2+ 80. Kg1 g2 81. Rh8+ Kg4 82. Rg8+ Kf3 83. Rf8+ Ke4 84. Rf2 Rxf2 85.
Kxf2 Kf4 86. Kxg2 {Game drawn because neither player has mating material}
1/2-1/2

[Event "Team 45 45 League T64"]
[Site "Internet Chess Club"]
[Date "2015.03.28"]
[Round "4"]
[White "Ajolote"]
[Black "drbishop"]
[Result "1/2-1/2"]
[WhiteElo "1693"]
[BlackElo "1705"]
[Opening "French: Tarrasch, closed variation"]
[ECO "C05"]
[Time "13:02:19"]
[TimeControl "2700+45"]

1. e4 e6 2. d4 d5 3. Nd2 Nf6 4. e5 Nfd7 5. Ngf3 c5 6. c3 Nc6 7. Nb3 c4 8. Nbd2
f6 9. exf6 Nxf6 10. Qc2 Bd6 11. Be2 O-O 12. O-O Bd7 13. Re1 Qc7 14. h3 Be8 15.
Bf1 Bg6 16. Qd1 Rae8 17. Be2 b5 18. Nf1 Ne4 19. Be3 b4 20. Bd2 a5 21. a3 b3 22.
Be3 Rf6 23. N1d2 Ref8 24. Rf1 Qe7 25. Nxe4 dxe4 26. Ne5 Bxe5 27. dxe5 Nxe5 28.
Bg5 Nd3 29. Bxd3 exd3 30. Bxf6 Qxf6 31. Qd2 e5 32. Rae1 e4 33. Re3 Qf4 34. Qc1
Bh5 35. g4 Bg6 36. Kg2 h5 37. Rg3 d2 38. Qd1 h4 {Game drawn by mutual agreement}
1/2-1/2

[Event "Team 45 45 League T64"]
[Site "Internet Chess Club"]
[Date "2015.03.25"]
[Round "4"]
[White "jjmolina"]
[Black "room-matt"]
[Result "1/2-1/2"]
[WhiteElo "1759"]
[BlackElo "1912"]
[Opening "English opening"]
[ECO "A10"]
[Time "11:12:04"]
[TimeControl "2700+45"]

1. c4 g5 2. d4 Bg7 3. Bxg5 c5 4. Be3 Qb6 5. Nf3 Qxb2 6. Nbd2 cxd4 7. Nxd4 Bxd4
8. Rb1 Qc3 9. Rc1 Qb2 10. Rb1 Qc3 11. Rc1 Qb2 12. Rb1 Qc3 13. Rc1 Qb2 14. Rb1
Qc3 15. Rc1 Qb2 16. Rb1 Qc3 17. Rc1 {Game drawn by repetition} 1/2-1/2

[Event "Team 45 45 League T64"]
[Site "Internet Chess Club"]
[Date "2015.03.29"]
[Round "4"]
[White "Goli"]
[Black "TillyChess"]
[Result "0-1"]
[WhiteElo "1724"]
[BlackElo "2114"]
[Opening "French: exchange variation"]
[ECO "C01"]
[Time "10:10:26"]
[TimeControl "2700+45"]

1. e4 e6 2. d4 d5 3. exd5 exd5 4. Bd3 c5 5. dxc5 Bxc5 6. h3 Nf6 7. Nf3 O-O 8.
O-O Qd6 9. c3 Re8 10. Re1 Rxe1+ 11. Qxe1 Bxh3 12. gxh3 Qg3+ 13. Kf1 Qxf3 14. Be3
Qxh3+ 15. Ke2 Bxe3 16. fxe3 Nc6 17. Nd2 Re8 18. Nf1 d4 19. cxd4 Nxd4+ 20. Kd1
Qf3+ 21. Be2 Nxe2 22. Qxe2 Rd8+ 23. Ke1 Qh3 24. Rd1 Qh4+ {White resigns} 0-1

[Event "Team 45 45 League T64"]
[Site "Internet Chess Club"]
[Date "2015.03.26"]
[Round "4"]
[White "pishd"]
[Black "zap2"]
[Result "0-1"]
[WhiteElo "1706"]
[BlackElo "1709"]
[Opening "Queen's pawn: Yusupov-Rubinstein system"]
[ECO "A46"]
[Time "09:37:12"]
[TimeControl "2700+45"]

1. d4 Nf6 2. Nf3 e6 3. e3 b6 4. Bd3 Bb7 5. Nbd2 d5 6. O-O Be7 7. c3 O-O 8. Ne5
c5 9. Re1 Nbd7 10. f4 Ne4 11. Nxe4 dxe4 12. Bc2 Rc8 13. Nxd7 Qxd7 14. dxc5 Qxd1
15. Rxd1 Bxc5 16. Rd7 Bc6 17. Rxa7 Rfd8 18. Kf2 b5 19. Ra5 Rd6 20. a4 Bb6 21.
Ra6 Bb7 22. axb5 Bxa6 23. bxa6 f5 24. Ke1 Ba7 25. Bd1 Rc5 26. Be2 Rdd5 27. Ra3
Ra5 28. b4 Rxa3 29. Bxa3 Bxe3 30. Bc4 Ba7 31. Bxd5 exd5 32. Ke2 Kf7 33. Bc1 d4
34. cxd4 Ke6 35. Ke3 Kd5 36. Bd2 Kc4 37. Be1 Kb5 38. h3 Kxa6 39. g4 g6 40. Bh4
Kb5 41. gxf5 gxf5 42. Be7 Kc4 43. Bf6 Kxb4 44. Kd2 Kc4 45. Ke3 Bb6 46. Be5 Bd8
47. Bg7 Be7 48. Be5 Ba3 49. Kd2 Bb2 50. Ke3 Kd5 51. h4 h5 52. Bf6 Bc1+ 53. Kf2
Bxf4 54. Ke2 Bc7 55. Ke3 f4+ 56. Kd2 Kc4 57. Bg7 Bd8 58. Be5 f3 59. Ke3 Kd5 60.
Bg3 Bf6 61. Kf4 Bxd4 62. Kg5 f2 {White resigns} 0-1

[Event "Team 45 45 League T64"]
[Site "Internet Chess Club"]
[Date "2015.03.31"]
[Round "4"]
[White "Duguesclin"]
[Black "elmaestro"]
[Result "1-0"]
[WhiteElo "1648"]
[BlackElo "1745"]
[Opening "Benkö gambit: Zaitsev system"]
[ECO "A57"]
[Time "15:22:15"]
[TimeControl "2700+45"]

1. d4 Nf6 2. c4 c5 3. d5 b5 4. cxb5 a6 5. Nc3 g6 6. e4 d6 7. Nf3 Bg7 8. Bc4 axb5
9. Bxb5+ Nbd7 10. e5 dxe5 11. Nxe5 Ne4 12. Nc6 Nxc3 13. Qb3 Nxb5 14. Nxd8 Nd4
15. Qd1 Ba6 16. Nc6 Be2 17. Qd2 O-O 18. Nxd4 Bc4 19. Ne2 Nf6 20. O-O Ne4 21. Qc2
Bxd5 22. Be3 Bxa2 23. Qxe4 Bxb2 24. Rad1 c4 25. Bd4 Bxd4 26. Rxd4 Rac8 27. Rc1
e5 28. Rdxc4 Rcd8 29. R4c2 f5 30. Qxe5 Rfe8 31. Qb2 Bf7 32. h4 h6 33. Nf4 g5 34.
hxg5 hxg5 35. Nh3 g4 36. Nf4 Rf8 37. Rc7 Rd6 38. R1c6 Rfd8 39. Rxd6 Rxd6 40.
Rc8+ Kh7 41. Qh8# {Black checkmated} 1-0

[Event "Team 45 45 League T64"]
[Site "Internet Chess Club"]
[Date "2015.03.28"]
[Round "4"]
[White "anna"]
[Black "chess09"]
[Result "1/2-1/2"]
[WhiteElo "1802"]
[BlackElo "1874"]
[Opening "Sicilian: Alapin's variation (2.c3)"]
[ECO "B22"]
[Time "10:08:23"]
[TimeControl "2700+45"]

1. e4 c5 2. c3 d5 3. exd5 Qxd5 4. d4 Nf6 5. Nf3 Bg4 6. Be2 e6 7. O-O Nc6 8. h3
Bh5 9. Bf4 Be7 10. Na3 a6 11. Nc2 O-O-O 12. Ne5 Bxe2 13. Qxe2 Nxe5 14. Qxe5 Qxe5
15. Bxe5 Rd7 16. dxc5 Bxc5 17. Bd4 Bxd4 18. Nxd4 Rhd8 19. Nb3 Ne4 20. Rfe1 Nd2
21. Nd4 Nc4 22. b3 Nb6 23. Nf3 Nd5 24. c4 Nb4 25. Re2 Nc6 26. Kf1 Nd4 27. Nxd4
Rxd4 28. Ke1 Kc7 29. Rc2 Re4+ 30. Re2 Red4 31. Rc2 Re4+ 32. Re2 Red4 {Game drawn
by repetition} 1/2-1/2